 Dungeon Crawl Stone Soup version 0.31-a0-145-g046c7d2549 (webtiles) character file.

Game seed: 10816992079430204705

1897466 Drazool the Sorcerer (level 27, 228/228 HPs)
             Began as a Djinni Fire Elementalist on June 2, 2023.
             Was the Champion of Ashenzari.
             Escaped with the Orb
             ... and 3 runes on June 6, 2023!
             The game lasted 05:13:56 (54898 turns).

Drazool the Sorcerer (Djinni Fire Elementalist)    Turns: 54898, Time: 05:13:56

Health: 228/228    AC: 12    Str:  7    XL:     27
Gold:   5411       EV: 23    Int: 33    God:    Ashenzari [******] SH: 23 Dex: 18

rFire   + + .        u - staff of conjuration "Prescient Gloom" (curse) {!a, Elem, Evo} (curse)
rCold   . . .        K - +0 tower shield "Regret of Ashenzari" {rC+ rN+ Regen+, Cun, Bglg} (curse)
rNeg    + . .        Z - +4 moon troll leather armour {Spirit, Regen++ MP+5, Elem, Self} (curse)
rPois   ∞            q - +0 helmet "Ruined Together" {Alch, Bglg} (curse)
rElec   .            r - +1 cloak of the Eye in the Sky {Self, Comp} (curse)
rCorr   .            n - +0 pair of gloves of the Tethered Firmament {Evo, Melee} (curse)
SInv    +            (boots unavailable)
Will    ++...        l - amulet "Shame of Ashenzari" {Regen+, Self, Elem} (curse)
Stlth   +            z - ring of the Unyielding Gaze {Wiz, Cun, Bglg} (curse)
HPRegen 3.78/turn    I - ring of the Eternal Comet {Int+6, Self, Elem} (curse)
MPRegen 0.00/turn

%: clarity, guardian spirit, wizardry (x1)
@: flying, studying 2 skills
A: sickness immunity, fire resistance 2, cold vulnerability 1, float, innate
caster, HP casting, extra vitality 1, subdued magic 1
0: Orb of Zot
}: 3/15 runes: decaying, serpentine, silver
a: Renounce Religion, Shatter the Chains


You escaped.
You worshipped Ashenzari.
Ashenzari was exalted by your worship.
You visited 10 branches of the dungeon, and saw 48 of its levels.
You visited the Abyss 2 times.
You visited 1 bazaar.
You also visited: Gauntlet, Ice Cave, Volcano and Wizlab.

You collected 8106 gold pieces.
You spent 2695 gold pieces at shops.


Innate Abilities, Weirdness & Mutations

You are immune to sickness and miasma.
You are immune to poison.
Your flesh is very heat resistant. (rF++)
You are vulnerable to cold. (rC-)
You float through the air rather than walking.
You learn spells naturally, not from books.
Your magical power is your life essence.
You have superior vitality. (+4 MHP)
Your spells are a little easier to cast, but a little less powerful.


   Skills:
 - Level 23.6(27) Fighting
 - Level 3.6(5.8) Staves
 + Level 17.4(20.8) Dodging
 - Level 1.5(3.9) Stealth
 + Level 22.1 Shields
 - Level 25.2(27) Spellcasting
 - Level 21.1(25.4) Conjurations
 - Level 21.1(25.4) Hexes
 - Level 21.1(23.2) Summonings
 - Level 21.1(23.2) Necromancy
 - Level 21.1(25.4) Translocations
 - Level 21.1(23.2) Transmutations
 - Level 21.1(26.4) Fire Magic
 - Level 21.1(26.4) Ice Magic
 - Level 21.1(26.4) Air Magic
 - Level 21.1(26.4) Earth Magic
 - Level 21.1(23.2) Poison Magic
 - Level 21.9(25.1) Evocations


You knew the following spells:

 Your Spells              Type           Power      Damage    Failure   Level
a - Necrotise             Necr           100%       1d9       0%          1
b - Borgnjor's Vile Clut  Necr/Erth      51%        N/A       0%          5
c - Call Canine Familiar  Summ           100%       N/A       0%          3
d - Eringya's Noxious Bo  Tmut/Pois      50%        N/A       0%          6
e - Cause Fear            Hex            52%        N/A       0%          4
f - Foxfire               Conj/Fire      100%       2x1d9     0%          1
g - Conjure Ball Lightni  Conj/Air       64%        3x3d23    0%          6
i - Irradiate             Conj/Tmut      63%        3d32      0%          5
l - Lehudib's Crystal Sp  Conj/Erth      64%        10d15     1%          8
m - Monstrous Menagerie   Summ           50%        N/A       1%          7
n - Orb of Destruction    Conj           64%        9d15      0%          7
r - Inner Flame           Hex/Fire       100%       N/A       0%          3
s - Spellforged Servitor  Conj/Summ      63%        N/A       1%          7
t - Fire Storm            Conj/Fire      64%        8d16      1%          9
B - Blink                 Tloc           100%       N/A       0%          2
X - Scorch                Fire           100%       2d9       0%          2
Y - Volatile Blastmotes   Fire/Tloc      100%       2d18      0%          3
Z - Flame Wave            Conj/Fire      100%       2d21      0%          4
Your spell library was empty.

Inventory:

Missiles
 L - 3 throwing nets {=f}
 M - 9 boomerangs of dispersal {=f}
Armour
 n - the cursed +0 pair of gloves of the Tethered Firmament (worn) {Evo, Melee}
   (You found it on level 2 of the Dungeon)

   It has a curse which improves the following skills: Evocations: Evocations.
   Melee Combat: Short Blades, Long Blades, Axes, Maces & Flails, Polearms,
   Staves and Unarmed Combat.
 q - the cursed +0 helmet "Ruined Together" (worn) {Alch, Bglg}
   (You found it on level 3 of the Dungeon)

   It has a curse which improves the following skills: Alchemy: Poison Magic and
   Transmutations.
   Beguiling: Conjurations, Hexes and Translocations.
 r - the cursed +1 cloak of the Eye in the Sky (worn) {Self, Comp}
   (You found it on level 3 of the Dungeon)

   It has a curse which improves the following skills: Introspection: Fighting
   and Spellcasting.
   Companions: Summonings and Necromancy.
 K - the cursed +0 tower shield "Regret of Ashenzari" (worn) {rC+ rN+ Regen+, Cun, Bglg}
   (You found it in a Gauntlet)

   rC:        It protects you from cold.
   rN:        It protects you from negative energy.
   Regen:     It increases your rate of health regeneration.
   It has a curse which improves the following skills: Cunning: Dodging and
   Stealth.
   Beguiling: Conjurations, Hexes and Translocations.
 O - a +2 robe of willpower
 Z - the cursed +4 moon troll leather armour (worn) {Spirit, Regen++ MP+5, Elem, Self}
   (You found it on level 5 of the Realm of Zot)

   MP:        It affects your magic capacity (+5).
   Regen:     It increases your rate of health regeneration.
   It has a curse which improves the following skills: Elements: Fire Magic, Ice
   Magic, Air Magic and Earth Magic.
   Introspection: Fighting and Spellcasting.
Magical Staves
 e - a staff of death {!a}
 s - the staff of death "Tamah" {rN+ Will+ Str+3, !a}
   (You acquired it on level 1 of the Snake Pit)

   [staff of death]

   Base accuracy: +5 Base damage: 5 Base attack delay: 1.2 This weapon's minimum
   attack delay (0.6) is reached at skill level 12.
   Str:       It affects your strength (+3).
   rN:        It protects you from negative energy.
   Will:      It increases your willpower.
   It falls into the 'Staves' category.
   It is a one-handed weapon.
 u - the cursed staff of conjuration "Prescient Gloom" (weapon) {!a, Elem, Evo}
   (You found it on level 4 of the Dungeon)

   [staff of conjuration]

   Base accuracy: +5 Base damage: 5 Base attack delay: 1.2 This weapon's minimum
   attack delay (0.6) is reached at skill level 12.
   It falls into the 'Staves' category.
   It is a one-handed weapon.
   It has a curse which improves the following skills: Elements: Fire Magic, Ice
   Magic, Air Magic and Earth Magic.
   Evocations: Evocations.
Jewellery
 l - the cursed amulet "Shame of Ashenzari" (around neck) {Regen+, Self, Elem}
   (You found it on level 2 of the Dungeon)

   [amulet of regeneration]

   Regen:     It increases your rate of health regeneration.
   It has a curse which improves the following skills: Introspection: Fighting
   and Spellcasting.
   Elements:  Fire Magic, Ice Magic, Air Magic and Earth Magic.
 z - the cursed ring of the Unyielding Gaze (left hand) {Wiz, Cun, Bglg}
   (You found it on level 11 of the Dungeon)

   [ring of wizardry]

   It improves your spell success rate.
   It has a curse which improves the following skills: Cunning: Dodging and
   Stealth.
   Beguiling: Conjurations, Hexes and Translocations.
 F - a ring of protection from fire
 I - the cursed ring of the Eternal Comet (right hand) {Int+6, Self, Elem}
   (You found it on level 3 of the Lair of Beasts)

   [ring of intelligence]

   Int:       It affects your intelligence (+6).
   It has a curse which improves the following skills: Introspection: Fighting
   and Spellcasting.
   Elements:  Fire Magic, Ice Magic, Air Magic and Earth Magic.
Wands
 a - a wand of mindburst (53)
 h - a wand of iceblast (68)
 i - a wand of polymorph (34)
 x - a wand of digging (22)
 A - a wand of flame (111)
 R - a wand of light (32)
 U - a wand of paralysis (73)
Scrolls
 b - 3 scrolls of silence {!r}
 c - 19 scrolls of teleportation {@r2}
 d - 7 scrolls of enchant weapon
 f - 4 scrolls of brand weapon
 g - 12 scrolls of vulnerability
 j - 4 scrolls of summoning
 t - 4 scrolls of magic mapping
 v - 4 scrolls of fear
 B - 10 scrolls of poison
 E - 2 scrolls of blinking
 G - 8 scrolls of fog
 V - 10 scrolls of enchant armour
Potions
 m - 23 potions of curing {@q1}
 o - 7 potions of lignification
 p - 10 potions of brilliance
 w - 3 potions of mutation
 y - 2 potions of invisibility
 D - 17 potions of might
 H - 6 potions of ambrosia
 J - 3 potions of berserk rage {!q}
 P - 2 potions of heal wounds {@q2}
 T - 2 potions of cancellation
 W - 8 potions of enlightenment
 Y - 5 potions of resistance
Miscellaneous
 k - a phantom mirror
 N - a piece from Xom's chessboard (15/15)
 S - a lightning rod (4/4)
 X - a condenser vane

Dungeon Overview and Level Annotations

Branches:
Dungeon (15/15)            Temple (1/1) D:4            Lair (5/5) D:8
  Swamp (4/4) Lair:3        Snake (4/4) Lair:2        Slime (0/5) Lair:5
    Orc (2/2) D:12            Elf (0/3) Orc:2        Vaults (5/5) D:13
  Crypt (3/3) Vaults:2       Tomb (0/3) Crypt:3      Depths (4/4) D:15
    Zot (5/5) Depths:4      IceCv (visited)         Volcano (visited)
 WizLab (visited)         Gauntlet (visited)

Altars:
Ashenzari
Cheibriados
Dithmenos
Elyvilon
Fedhas
Gozag
Hepliaklqana
Makhleb
Nemelex Xobeh
Okawaru
Qazlal
Ru
Trog
Uskayaw
Wu Jian
Xom
Yredelemnul
Zin
The Shining One
Jiyva

Shops:
D:2 *[!((   D:5 ?   D:7 :   D:15 *   Orc:2 (([*   Snake:1 :   Snake:2 !
Snake:4 *   Vaults:5 [   Depths:1 [   Depths:2 :*

Portals:
Hell: Depths:1 Depths:2 Depths:3 Depths:4
Abyss: Depths:3
Pandemonium: Depths:2 Depths:3
Ziggurat: Depths:1
Trove: D:15 (give 8 potions of haste)

Annotations:
Lair:2 1 runed translucent door, Darkkill's ghost, journeyman MiHu
Swamp:2 1 runed translucent door, Lance11888's ghost, adept DrAE

..#######.# #........# ### .##
#.#######.#############.. ####
#.........)# #.........# ...#
##########..####.........# ...#
#.................######.#
#..#####.#...▒▒▒▒▒▒▒.....# #..
.........#.........▒.▒▒..######.#
...#######.▒▒.▒▒▒▒.▒.▒▒..#.......
.......###.▒▒.▒.@▒.▒.▒▒..#.####.#
..).....##.▒▒.▒..▒.▒.▒▒.........#
#....###.#.▒▒.▒.▒▒.▒.▒▒..........
.....####..▒▒.▒....▒.▒▒........#.
......# #..▒▒.▒▒▒▒▒▒.▒▒........#.
...).####......................#.
#....###.#...▒▒▒▒▒▒▒▒..........#.
.......[......##.#.##..........#.
...#.#.#####...........÷.........


There were no monsters in sight!


Message History

(D) Dungeon (T) Temple (L) Lair (S) Swamp (P) Snake Pit (M) Slime Pits (O) Orcish Mines (E) Elven Halls (V) Vaults (C) Crypt (W) Tomb (U) Depths (H) Hell (Z) Zot
Where to? (Enter - D:1, ? - help) HP restored.
You see here a book of Misfortune.
An Executioner comes into view.
There is a stone staircase leading up here.
You fly upwards.
There is a stone staircase leading down here.
(D) Dungeon (T) Temple (L) Lair (S) Swamp (P) Snake Pit (M) Slime Pits (O) Orcish Mines (E) Elven Halls (V) Vaults (C) Crypt (W) Tomb (U) Depths (H) Hell (Z) Zot
Where to? (Enter - D:1, ? - help)
There is a stone staircase leading up here.
You fly upwards.
There is a stone staircase leading down here.
You see here a +0 falchion.
There is a stone staircase leading up here.
You fly upwards.
There is a stone staircase leading down here.
There is an open door here.
There is a stone staircase leading up here.
You fly upwards.
There is a stone staircase leading down here.
You see here a +0 robe.
There is a staircase leading out of the dungeon here.
You have escaped!

Skill      XL: |  1  2  3  4  5  6  7  8  9 10 11 12 13 14 15 16 17 18 19 20 21 22 23 24 25 26 27 |
---------------+----------------------------------------------------------------------------------+-----
Spellcasting   | 4 5 7 9 10 13 14 15 17 18 19 20 21 22 23 24 25 | 25.2
Conjurations   | 4 5 7 9 10 13 14 15 16 17 18 19 20 21 | 21.1
Hexes          | 4 5 7 9 10 13 14 15 16 17 18 19 20 21 | 21.1
Summonings     | 4 5 7 9 10 13 14 15 16 17 18 19 20 21 | 21.1
Necromancy     | 4 5 7 9 10 13 14 15 16 17 18 19 20 21 | 21.1
Translocations | 4 5 7 9 10 13 14 15 16 17 18 19 20 21 | 21.1
Transmutations | 4 5 7 9 10 13 14 15 16 17 18 19 20 21 | 21.1
Fire Magic     | 4 5 7 9 10 13 14 15 16 17 18 19 20 21 | 21.1
Ice Magic      | 4 5 7 9 10 13 14 15 16 17 18 19 20 21 | 21.1
Air Magic      | 4 5 7 9 10 13 14 15 16 17 18 19 20 21 | 21.1
Earth Magic    | 4 5 7 9 10 13 14 15 16 17 18 19 20 21 | 21.1
Poison Magic   | 4 5 7 9 10 13 14 15 16 17 18 19 20 21 | 21.1
Dodging        | 6 10 14 17 | 17.4
Fighting       | 2 5 7 10 12 13 15 16 17 19 20 21 22 23 | 23.6
Staves         | 2 3 |  3.6
Evocations     | 2 3 6 9 11 13 14 16 17 18 19 20 21 | 21.9
Shields        | 3 11 12 22 | 22.1
Stealth        | |  1.5

Action                     |  1- 3 |  4- 6 |  7- 9 | 10-12 | 13-15 | 16-18 | 19-21 | 22-24 | 25-27 || total
---------------------------+-------+-------+-------+-------+-------+-------+-------+-------+-------++-------
  Melee: Dagger            |     1 |     3 |       |       |       |       |       |       |       ||     4
         Staff             |       |       |       |    31 |    33 |    11 |     2 |     1 |     1 ||    79
   Cast: Foxfire           |    78 |   103 |   149 |   133 |   472 |    98 |       |       |       ||  1033
         Scorch            |       |    35 |    38 |   100 |   103 |    29 |     2 |       |     1 ||   308
         Volatile Blastmot |       |     1 |    17 |    66 |    12 |       |       |       |       ||    96
         Flame Wave        |       |       |     1 |    31 |    40 |    24 |    12 |     2 |     2 ||   112
         Irradiate         |       |       |       |    15 |    11 |       |       |       |       ||    26
         Cause Fear        |       |       |       |     4 |     1 |       |       |       |       ||     5
         Call Canine Famil |       |       |       |     4 |     2 |     3 |       |       |       ||     9
         Borgnjor's Vile C |       |       |       |       |   211 |   387 |    93 |    34 |    27 ||   752
         Inner Flame       |       |       |       |       |    34 |   220 |    18 |     3 |     7 ||   282
         Eringya's Noxious |       |       |       |       |     3 |     6 |     3 |       |     1 ||    13
         Blink             |       |       |       |       |       |     1 |       |       |       ||     1
         Conjure Ball Ligh |       |       |       |       |       |     4 |       |       |       ||     4
         Orb of Destructio |       |       |       |       |       |       |   421 |   303 |   392 ||  1116
         Spellforged Servi |       |       |       |       |       |       |    26 |    47 |    93 ||   166
         Monstrous Menager |       |       |       |       |       |       |       |    18 |     8 ||    26
         Lehudib's Crystal |       |       |       |       |       |       |       |       |   402 ||   402
         Fire Storm        |       |       |       |       |       |       |       |       |    60 ||    60
 Invoke: Curse Item        |       |       |     2 |     3 |     3 |     2 |       |       |     2 ||    12
         Shatter the Chain |       |       |       |       |     1 |       |       |       |     2 ||     3
  Evoke: Wand              |       |       |       |     2 |     3 |    12 |       |       |       ||    17
         Condenser vane    |       |       |       |       |       |     3 |       |       |       ||     3
    Use: Scroll            |       |       |    10 |     3 |     4 |     5 |     2 |     6 |    11 ||    41
         Potion            |       |       |       |     2 |     2 |     3 |     1 |     2 |    12 ||    22
   Stab: Sleeping          |       |     1 |       |       |       |       |       |       |       ||     1
         Distracted        |       |       |       |     1 |       |       |       |       |       ||     1
 Armour: Robe              |     3 |     6 |     2 |    17 |     8 |       |       |       |       ||    36
         Troll leather arm |       |       |       |       |     2 |    22 |     8 |     1 |    19 ||    52
  Dodge: Dodged            |     8 |    25 |    20 |   152 |   108 |   104 |   103 |    54 |   136 ||   710
  Block: Tower shield      |       |       |       |       |   136 |   158 |   144 |    62 |   164 ||   664

Levels and vault maps discovered:
D:1:      zelgadis_glass_arrival_small, layout_loops_ring,
          grunt_decor_mini_mirrors
D:2:      layout_basic, serial_shops, nicolae_shop_back_alley_shop, shop, shop,
          nicolae_shop_bloodbath_and_beyond, shop,
          minmay_misc_feat_secret_circle, serial_bayou_lagoon_a,
          amcnicky_mini_pool_small, chequers_serial_rivers_small_3
D:3:      layout_loops_corners, amcnicky_altar_gilded,
          shapermc_ecumenical_altar_starsandcircs, minmay_fractal_squares_5
D:4:      layout_basic, general_overflow_altar, mainiacjoe_overflow_alcove_4,
          temple_green
D:5:      layout_gridville, cheibriados_altar_2, serial_shops, shop,
          kennysheep_doodads, reono_crystal_passage, uniq_pikel, uniq_ijyb
D:6:      due_chaos_kobolds, layout_basic, nicolae_gozag_seed_capital,
          uniq_eustachio
D:7:      layout_basic, serial_shops, nicolae_diamond_shop
D:8:      layout_rooms, erik_lair_orcish_takeover, nicolae_zen_rock_garden,
          kennysheep_small_circle
D:9:      layout_roguey, nicolae_the_louvre
D:10:     layout_stronghold, zin_treasury, lemuel_round_altar,
          minmay_beelzebubs_servants
D:11:     layout_stronghold, hangedman_decor_diamond_cutter
D:12:     layout_rooms, hiddenorc1_lemuel, hangedman_incinerator, uniq_fannar,
          uniq_nessos, uniq_rupert, uniq_jorgrun
D:13:     layout_rooms, skrybe_vaults_entry_preservation
D:14:     layout_rooms, serial_glass, glass_columns_a, glass_columns_a,
          due_unseen_surprise, gammafunk_ghost_cemetery,
          nicolae_dithmenos_through_a_glass_darkly
D:15:     hangedman_depths_entry_try_elsewhere_first, layout_loops_corners,
          enter_trove_2, yredelemnul_altar_generic, nicolae_good_shop
Temple:   hellmonk_temple_of_storms
Lair:1:   layout_small_grid, nicolae_volcano_entry_hallway,
          gauntlet_entry_generic, nicolae_lair_grazing_beasts
          [nicolae_sub_lair_graze_edge, nicolae_sub_lair_graze_edge,
          nicolae_sub_lair_graze_edge, nicolae_sub_lair_graze_edge], uniq_joseph
Lair:2:   layout_roguey, minmay_snake_entry_six_corridors,
          ebering_ghost_reflecting_pool, grunt_megastairs_4,
          infiniplex_staircase_pool_2, uniq_gastronok, uniq_nergalle
Lair:3:   lemuel_reptile_caves, layout_hall_layers,
          nicolae_swamp_entry_splash_gauntlet, grunt_megastairs_2,
          lemuel_fruit_tree
Lair:4:   layout_regular_city
Lair:5:   grunt_lair_end_beastmaster, layout_cave_pods,
          nicolae_slime_entry_field_trip, st_stairs_7, grunt_megastairs_5
Swamp:1:  layout_basic_swamp, evilmike_swamp_ruin_rubble_2,
          nicolae_swamp_feature_on_the_river_bank, uniq_kirke
Swamp:2:  layout_basic_swamp, ebering_ghost_xom, hangedman_swamp_blocks,
          swamp_pool3, st_swamp_ruins_2, infiniplex_staircase_pool,
          uniq_mlioglotl, uniq_louise
Swamp:3:  layout_basic_swamp, evilmike_swamp_ruin_house_6, swamp_pool4
Swamp:4:  swamp_old_school, layout_basic_swamp, uniq_mara
Snake:1:  layout_concentric_octagons, serial_shops, nicolae_shop_rolling_square,
          portal_ice_cave_entry_dragon
Snake:2:  layout_gridlike, serial_shops, shop
Snake:3:  cheibrodos_snake_lava_hold, layout_gridlike, drop_trap
Snake:4:  grunt_snake_rune_pools, layout_layer_cave, serial_shops,
          nicolae_shop_window_shopping
Orc:1:    layout_diamond_mine, nicolae_orc_damp_corner
Orc:2:    st_orc_open, layout_caves, basic_altar
Vaults:1: nicolae_vaults_alarming, nicolae_vaults_offset_grid_hallway_2,
          v_rooms_4, nicolae_vaults_little_squares_2, nicolae_vaults_diamond_2,
          vaults_dpeg_emergency_exit, nicolae_vaults_heart-shaped_vault,
          nicolae_vaults_little_squares_4, v_pattern_4, st_smaller_cells,
          vaults_mumra_hex, nicolae_vaults_little_squares_4,
          nicolae_vaults_sesquioval_fish, layout_vaults_big_room
Vaults:2: ontoclasm_vaults_fault, hangedman_vaults_hat,
          nicolae_vaults_trapezoid_lopsided_4, nicolae_vaults_circle_grid_a,
          v_rooms_2, minmay_crypt_entry_simple_box, nicolae_vaults_statue_guard,
          v_misc_16, v_misc_14, nicolae_vaults_little_squares_2,
          vaults_room_ringed_pool, dpeg_vaults_monster_row,
          nicolae_vaults_apartment_1, vaults_dpeg_diagonal,
          nicolae_vaults_tetromino_T_1, layout_vaults_omnicross, uniq_boris
Vaults:3: vaults_standard_mumra_enter_the_diamond, nicolae_vaults_network_s,
          vaults_room_large_hall, nicolae_vaults_sealed_display,
          nicolae_vaults_trapezoid_lopsided_3,
          nicolae_vaults_heart-shaped_vault, hangedman_vaults_slice,
          nicolae_vaults_storage_room_statues, nicolae_vaults_three_branches,
          nicolae_vaults_surprise_closet_hard, layout_vaults_omnigrid
Vaults:4: v_misc_15, grunt_vaults_trifunnel, nicolae_vaults_big_angled_halls,
          v_rooms_3, nicolae_vaults_what_the_h, nicolae_vaults_double_plus_2,
          st_eye, nicolae_vaults_network_square, dpeg_vaults_monster_box,
          nicolae_vaults_trapezoid_2, v_misc_3, nicolae_vaults_house_2,
          layout_vaults_maze
Vaults:5: serial_shops
Crypt:1:  layout_chaotic_city, grunt_crypt_arrival_split, uniq_josephina,
          uniq_jory
Crypt:2:  layout_misc_corridors, serial_sigils_hangedman_scratch
Crypt:3:  lightli_unholy_cathedral, layout_chaotic_city,
          nicolae_tomb_entry_rubble_hallway, beargit_elvish_explorers,
          uniq_saint_roka
Depths:1: layout_gridlike, enter_ziggurat_b, hex_tiny, hell_entry, serial_shops,
          bzr_in_the_mist, shop, lemuel_flamethrower_1
Depths:2: kennysheep_cluttered_fort, layout_basic, grunt_metal_band,
          grunt_pan_entry_zigzag, serial_shops, shop,
          nicolae_shop_i_like_small_books_too, patterned_corridor,
          minmay_staircase_bubble
Depths:3: grunt_bent_corner, layout_cross, mu_enter_wizlab_4,
          marbit_kobold_abyss_entry, pan_entry, pf_coc_iceberg,
          evilmike_spriggan_trog_shrine, infiniplex_staircase_9_rooms
Depths:4: evilmike_zot_entry_basic, layout_basic, hell_entry,
          minmay_misc_feat_rows, uniq_margery, uniq_xtahua
Zot:1:    layout_gridlike, st_stairs_10, uniq_parghit
Zot:2:    layout_misc_corridors
Zot:3:    layout_gridlike
Zot:4:    layout_gridlike, uniq_grunn
Zot:5:    layout_cathedral_of_symmetry, hangedman_zot_decor_slant, st_stairs_8

Notes
Turn   | Place    | Note
-------+----------+-------------------------------------------
     0 | D:1      | Reached skill level 3 in Spellcasting
     0 | D:1      | Reached skill level 3 in Conjurations
     0 | D:1      | Reached skill level 3 in Hexes
     0 | D:1      | Reached skill level 3 in Summonings
     0 | D:1      | Reached skill level 3 in Necromancy
     0 | D:1      | Reached skill level 3 in Translocations
     0 | D:1      | Reached skill level 3 in Transmutations
     0 | D:1      | Reached skill level 3 in Fire Magic
     0 | D:1      | Reached skill level 3 in Ice Magic
     0 | D:1      | Reached skill level 3 in Air Magic
     0 | D:1      | Reached skill level 3 in Earth Magic
     0 | D:1      | Reached skill level 3 in Poison Magic
     0 | D:1      | Drazool the Djinni Fire Elementalist began the quest for
                  | the Orb.
     0 | D:1      | Drazool set off with the following spells memorised:
                  | Foxfire, Scorch, Volatile Blastmotes, Inner Flame, Flame
                  | Wave.
     0 | D:1      | Reached XP level 1. HP: 15/15 MP: 0/0
    46 | D:1      | Reached XP level 2. HP: 16/21 MP: 0/0
   501 | D:1      | Reached XP level 3. HP: 23/25 MP: 0/0
   501 | D:1      | Learned a level 1 spell: Necrotise
   822 | D:2      | Found Qiyfuts's Weapon Boutique.
  1154 | D:2      | Found Taiwkeoh's General Store.
  1285 | D:2      | Found Pingic's Distillery.
  1285 | D:2      | Found Qaoc's Armour Shop.
  1323 | D:2      | Bought a potion of heal wounds for 60 gold pieces
  1323 | D:2      | Bought a potion of curing for 36 gold pieces
  1461 | D:2      | Found Gyenuph's Weapon Boutique.
  1731 | D:3      | Reached XP level 4. HP: 31/31 MP: 0/0
  1801 | D:3      | Reached skill level 4 in Spellcasting
  1801 | D:3      | Reached skill level 4 in Conjurations
  1801 | D:3      | Reached skill level 4 in Hexes
  1801 | D:3      | Reached skill level 4 in Summonings
  1801 | D:3      | Reached skill level 4 in Necromancy
  1801 | D:3      | Reached skill level 4 in Translocations
  1801 | D:3      | Reached skill level 4 in Transmutations
  1801 | D:3      | Reached skill level 4 in Fire Magic
  1801 | D:3      | Reached skill level 4 in Ice Magic
  1801 | D:3      | Reached skill level 4 in Air Magic
  1801 | D:3      | Reached skill level 4 in Earth Magic
  1801 | D:3      | Reached skill level 4 in Poison Magic
  2155 | D:3      | Reached XP level 5. HP: 35/35 MP: 0/0
  2155 | D:3      | Learned a level 2 spell: Blink
  2173 | D:3      | Found a faded altar of an unknown god.
  2219 | D:3      | Found a shimmering altar of Xom.
  2821 | D:4      | Reached skill level 5 in Spellcasting
  2821 | D:4      | Reached skill level 5 in Conjurations
  2821 | D:4      | Reached skill level 5 in Hexes
  2821 | D:4      | Reached skill level 5 in Summonings
  2821 | D:4      | Reached skill level 5 in Necromancy
  2821 | D:4      | Reached skill level 5 in Translocations
  2821 | D:4      | Reached skill level 5 in Transmutations
  2821 | D:4      | Reached skill level 5 in Fire Magic
  2821 | D:4      | Reached skill level 5 in Ice Magic
  2821 | D:4      | Reached skill level 5 in Air Magic
  2821 | D:4      | Reached skill level 5 in Earth Magic
  2821 | D:4      | Reached skill level 5 in Poison Magic
  2821 | D:4      | Reached XP level 6. HP: 37/40 MP: 0/0
  2934 | D:4      | Found a staircase to the Ecumenical Temple.
  2945 | Temple   | Entered the Ecumenical Temple
  2964 | Temple   | Became a worshipper of Ashenzari the Shackled
  3255 | D:4      | Found a bloodstained altar of Trog.
  3415 | D:4      | Reached XP level 7. HP: 45/45 MP: 0/0
  3415 | D:4      | Learned a level 3 spell: Call Canine Familiar
  3483 | D:5      | Entered Level 5 of the Dungeon
  3540 | D:5      | Reached skill level 6 in Spellcasting
  3540 | D:5      | Reached skill level 6 in Conjurations
  3540 | D:5      | Reached skill level 6 in Hexes
  3540 | D:5      | Reached skill level 6 in Summonings
  3540 | D:5      | Reached skill level 6 in Necromancy
  3540 | D:5      | Reached skill level 6 in Translocations
  3540 | D:5      | Reached skill level 6 in Transmutations
  3540 | D:5      | Reached skill level 6 in Fire Magic
  3540 | D:5      | Reached skill level 6 in Ice Magic
  3540 | D:5      | Reached skill level 6 in Air Magic
  3540 | D:5      | Reached skill level 6 in Earth Magic
  3540 | D:5      | Reached skill level 6 in Poison Magic
  3612 | D:5      | Noticed Ijyb
  3616 | D:5      | Killed Ijyb
  3746 | D:5      | Noticed a torpor snail
  3803 | D:5      | Noticed a torpor snail
  3804 | D:5      | Found a snail-covered altar of Cheibriados.
  3804 | D:5      | Noticed a torpor snail
  3836 | D:5      | Reached skill level 7 in Spellcasting
  3836 | D:5      | Reached skill level 7 in Conjurations
  3836 | D:5      | Reached skill level 7 in Hexes
  3836 | D:5      | Reached skill level 7 in Summonings
  3836 | D:5      | Reached skill level 7 in Necromancy
  3836 | D:5      | Reached skill level 7 in Translocations
  3836 | D:5      | Reached skill level 7 in Transmutations
  3836 | D:5      | Reached skill level 7 in Fire Magic
  3836 | D:5      | Reached skill level 7 in Ice Magic
  3836 | D:5      | Reached skill level 7 in Air Magic
  3836 | D:5      | Reached skill level 7 in Earth Magic
  3836 | D:5      | Reached skill level 7 in Poison Magic
  3836 | D:5      | Reached XP level 8. HP: 49/50 MP: 0/0
  3913 | D:5      | Reached skill level 3 in Dodging
  4054 | D:5      | Noticed Pikel
  4068 | D:5      | Killed Pikel
  4069 | D:5      | Reached skill level 6 in Dodging
  4069 | D:5      | Reached XP level 9. HP: 47/55 MP: 0/0
  4069 | D:5      | Learned a level 4 spell: Cause Fear
  4198 | D:5      | Found Ymuidaa's Magic Scroll Boutique.
  4207 | D:5      | Bought a scroll of identify for 24 gold pieces
  4207 | D:5      | Bought a scroll of identify for 24 gold pieces
  4207 | D:5      | Bought a scroll of identify for 24 gold pieces
  4323 | D:6      | Found an opulent altar of Gozag.
  4398 | D:6      | Reached skill level 7 in Dodging
  4454 | D:6      | Reached skill level 8 in Dodging
  4485 | D:6      | Reached * piety under Ashenzari
  4536 | D:6      | Found a large runed translucent door.
  4537 | D:6      | Found a large runed translucent door.
  4570 | D:6      | Reached skill level 9 in Dodging
  4756 | D:6      | Noticed Eustachio
  4790 | D:6      | Identified the cursed +0 pair of gloves of the Tethered
                  | Firmament {Evo, Melee} (You found it on level 2 of the
                  | Dungeon)
  5037 | D:6      | Killed Eustachio
  5059 | D:6      | Found a shimmering altar of Xom.
  5059 | D:6      | Identified the +5 spear of Diet Blood {freeze, rPois rF-
                  | Str+7}
  5185 | D:7      | Reached skill level 10 in Dodging
  5378 | D:7      | Found Karghuiph's Book Boutique.
  5592 | D:7      | Reached XP level 10. HP: 45/60 MP: 0/0
  5633 | D:7      | Reached skill level 11 in Dodging
  5902 | D:7      | Reached skill level 12 in Dodging
  6230 | D:8      | Found the macabre finger necklace {Finger+ rN+}
  6299 | D:8      | Reached skill level 13 in Dodging
  6548 | D:8      | Found a staircase to the Lair.
  6791 | D:8      | Reached skill level 14 in Dodging
  6821 | D:8      | Reached skill level 1 in Fighting
  6851 | D:8      | Reached skill level 2 in Fighting
  6851 | D:8      | Reached XP level 11. HP: 70/70 MP: 0/0
  6851 | D:8      | Learned a level 5 spell: Irradiate
  6998 | D:9      | Reached skill level 3 in Fighting
  7164 | D:9      | Reached skill level 4 in Fighting
  7175 | D:9      | Noticed a cyclops
  7201 | D:9      | Killed a cyclops
  7452 | D:9      | Noticed a two-headed ogre
  7476 | D:9      | Killed a two-headed ogre
  7477 | D:9      | Reached skill level 5 in Fighting
  7477 | D:9      | Reached skill level 8 in Spellcasting
  7477 | D:9      | Reached skill level 8 in Conjurations
  7477 | D:9      | Reached skill level 8 in Hexes
  7477 | D:9      | Reached skill level 8 in Summonings
  7477 | D:9      | Reached skill level 8 in Necromancy
  7477 | D:9      | Reached skill level 8 in Translocations
  7477 | D:9      | Reached skill level 8 in Transmutations
  7477 | D:9      | Reached skill level 8 in Fire Magic
  7477 | D:9      | Reached skill level 8 in Ice Magic
  7477 | D:9      | Reached skill level 8 in Air Magic
  7477 | D:9      | Reached skill level 8 in Earth Magic
  7477 | D:9      | Reached skill level 8 in Poison Magic
  7861 | D:10     | Entered Level 10 of the Dungeon
  7889 | D:10     | Reached ** piety under Ashenzari
  7979 | D:10     | Found a glowing silver altar of Zin.
  8328 | D:10     | Reached *** piety under Ashenzari
  8579 | D:10     | Reached skill level 9 in Spellcasting
  8579 | D:10     | Reached skill level 9 in Conjurations
  8579 | D:10     | Reached skill level 9 in Hexes
  8579 | D:10     | Reached skill level 9 in Summonings
  8579 | D:10     | Reached skill level 9 in Necromancy
  8579 | D:10     | Reached skill level 9 in Translocations
  8579 | D:10     | Reached skill level 9 in Transmutations
  8579 | D:10     | Reached skill level 9 in Fire Magic
  8579 | D:10     | Reached skill level 9 in Ice Magic
  8579 | D:10     | Reached skill level 9 in Air Magic
  8579 | D:10     | Reached skill level 9 in Earth Magic
  8579 | D:10     | Reached skill level 9 in Poison Magic
  8609 | D:10     | Reached skill level 1 in Staves
  8609 | D:10     | Reached skill level 1 in Evocations
  8674 | D:10     | Reached skill level 2 in Evocations
  8704 | D:10     | Reached skill level 2 in Staves
  8704 | D:10     | Reached XP level 12. HP: 84/85 MP: 0/0
  8723 | D:10     | Reached skill level 3 in Evocations
  8734 | D:10     | Reached skill level 3 in Staves
  8857 | D:10     | Found a white marble altar of Elyvilon.
  9175 | Lair:1   | Entered Level 1 of the Lair of Beasts
  9175 | Lair:1   | Noticed Joseph
  9178 | Lair:1   | Killed Joseph
  9234 | Lair:1   | Found a gate leading to a gauntlet.
  9248 | Lair:1   | Found a dark tunnel.
  9255 | Volcano  | Entered a volcano
  9268 | Volcano  | Noticed a two-headed ogre
  9271 | Volcano  | Killed a two-headed ogre
  9289 | Volcano  | Reached skill level 10 in Spellcasting
  9289 | Volcano  | Reached skill level 10 in Conjurations
  9289 | Volcano  | Reached skill level 10 in Hexes
  9289 | Volcano  | Reached skill level 10 in Summonings
  9289 | Volcano  | Reached skill level 10 in Necromancy
  9289 | Volcano  | Reached skill level 10 in Translocations
  9289 | Volcano  | Reached skill level 10 in Transmutations
  9289 | Volcano  | Reached skill level 10 in Fire Magic
  9289 | Volcano  | Reached skill level 10 in Ice Magic
  9289 | Volcano  | Reached skill level 10 in Air Magic
  9289 | Volcano  | Reached skill level 10 in Earth Magic
  9289 | Volcano  | Reached skill level 10 in Poison Magic
  9353 | Volcano  | Identified a potion of resistance
  9353 | Volcano  | Noticed a hell hog
  9353 | Volcano  | Noticed a two-headed ogre
  9353 | Volcano  | Noticed a two-headed ogre
  9459 | Gauntlet | Entered a Gauntlet
  9459 | Gauntlet | Found a transporter.
  9468 | Gauntlet | Found a transporter.
  9470 | Gauntlet | Noticed a quicksilver ooze
  9484 | Gauntlet | Found a runed translucent door.
  9489 | Gauntlet | Found a transporter.
  9492 | Gauntlet | Noticed a thrashing horror
  9501 | Gauntlet | Identified the +1 cloak "Caib" {rF+ rCorr Str+3}
  9510 | Gauntlet | Found a transporter.
  9521 | Gauntlet | Noticed a cacodemon
  9523 | Gauntlet | Found a transporter.
  9525 | Gauntlet | Identified a scarf of resistance
  9530 | Gauntlet | Found a transporter.
  9534 | Gauntlet | Found a transporter.
  9534 | Gauntlet | Identified the +0 pair of boots of the End {rF+ rC+ Int-4
                  | Dex+3}
  9535 | Gauntlet | Found a transporter.
  9535 | Gauntlet | Identified a scarf of resistance
  9562 | Gauntlet | Found a transporter.
  9577 | Gauntlet | Noticed a green death
  9578 | Gauntlet | Found a transporter.
  9582 | Gauntlet | Found a transporter.
  9593 | Gauntlet | Identified the -1 pair of gloves of Inquiry {rElec rF+
                  | Will++ Dex-3}
  9603 | Gauntlet | Found a transporter.
  9691 | Gauntlet | Killed a green death
  9875 | Gauntlet | Identified the Tome of Reformed Adjuration
  9875 | Gauntlet | Identified the +6 dagger of the Witching Gnat {spect,
                  | Int+3}
  9875 | Gauntlet | Noticed a minotaur
  9881 | Gauntlet | Identified the +0 tower shield of Jyrghub {rC+ rN+ Regen+}
  9885 | Gauntlet | Killed a minotaur
 10051 | Lair:1   | Reached skill level 1 in Shields
 10135 | Lair:1   | Reached skill level 2 in Shields
 10247 | Lair:1   | Noticed a boulder beetle
 10273 | Lair:1   | Killed a boulder beetle
 10274 | Lair:1   | Reached skill level 3 in Shields
 10431 | Lair:1   | Noticed a catoblepas
 10474 | Lair:1   | Reached XP level 13. HP: 90/90 MP: 0/0
 10474 | Lair:1   | Learned a level 5 spell: Borgnjor's Vile Clutch
 10478 | Lair:1   | Reached skill level 4 in Shields
 10732 | Lair:1   | Reached skill level 5 in Shields
 10889 | Lair:1   | Killed a catoblepas
 10925 | Lair:1   | Reached skill level 6 in Shields
 10940 | Lair:1   | Reached skill level 7 in Shields
 11001 | Lair:1   | Identified the +3 leather armour "Teireat" {+Blink}
 11165 | Lair:2   | Upgraded the game from 0.31-a0-133-gaae73658be to
                  | 0.31-a0-142-g31f6795574
 11252 | Lair:2   | Reached skill level 8 in Shields
 11316 | Lair:2   | Noticed Gastronok
 11400 | Lair:2   | Reached skill level 9 in Shields
 11416 | Lair:2   | Found a runed translucent door.
 11418 | Lair:2   | Noticed Darkkill's ghost (journeyman MiHu)
 11510 | Lair:2   | Reached **** piety under Ashenzari
 11646 | Lair:2   | Found a staircase to the Snake Pit.
 11834 | Lair:2   | Noticed Nergalle
 11844 | Lair:2   | Killed Nergalle
 11923 | Lair:2   | Reached skill level 10 in Shields
 11993 | Lair:2   | Reached ***** piety under Ashenzari
 12142 | Lair:2   | Killed Gastronok
 12313 | Lair:2   | Noticed a four-headed hydra
 12322 | Lair:2   | Killed a four-headed hydra
 12454 | Lair:3   | Reached skill level 11 in Shields
 12562 | Lair:3   | Reached XP level 14. HP: 101/101 MP: 0/0
 12580 | Lair:3   | Reached skill level 11 in Spellcasting
 12580 | Lair:3   | Reached skill level 11 in Conjurations
 12580 | Lair:3   | Reached skill level 11 in Hexes
 12580 | Lair:3   | Reached skill level 11 in Summonings
 12580 | Lair:3   | Reached skill level 11 in Necromancy
 12580 | Lair:3   | Reached skill level 11 in Translocations
 12580 | Lair:3   | Reached skill level 11 in Transmutations
 12580 | Lair:3   | Reached skill level 11 in Fire Magic
 12580 | Lair:3   | Reached skill level 11 in Ice Magic
 12580 | Lair:3   | Reached skill level 11 in Air Magic
 12580 | Lair:3   | Reached skill level 11 in Earth Magic
 12580 | Lair:3   | Reached skill level 11 in Poison Magic
 13461 | Lair:3   | Found a staircase to the Swamp.
 13675 | Lair:4   | Reached skill level 12 in Spellcasting
 13675 | Lair:4   | Reached skill level 12 in Conjurations
 13675 | Lair:4   | Reached skill level 12 in Hexes
 13675 | Lair:4   | Reached skill level 12 in Summonings
 13675 | Lair:4   | Reached skill level 12 in Necromancy
 13675 | Lair:4   | Reached skill level 12 in Translocations
 13675 | Lair:4   | Reached skill level 12 in Transmutations
 13675 | Lair:4   | Reached skill level 12 in Fire Magic
 13675 | Lair:4   | Reached skill level 12 in Ice Magic
 13675 | Lair:4   | Reached skill level 12 in Air Magic
 13675 | Lair:4   | Reached skill level 12 in Earth Magic
 13675 | Lair:4   | Reached skill level 12 in Poison Magic
 14571 | Lair:5   | Entered Level 5 of the Lair of Beasts
 14976 | Lair:5   | Reached skill level 13 in Spellcasting
 14976 | Lair:5   | Reached skill level 13 in Conjurations
 14976 | Lair:5   | Reached skill level 13 in Hexes
 14976 | Lair:5   | Reached skill level 13 in Summonings
 14976 | Lair:5   | Reached skill level 13 in Necromancy
 14976 | Lair:5   | Reached skill level 13 in Translocations
 14976 | Lair:5   | Reached skill level 13 in Transmutations
 14976 | Lair:5   | Reached skill level 13 in Fire Magic
 14976 | Lair:5   | Reached skill level 13 in Ice Magic
 14976 | Lair:5   | Reached skill level 13 in Air Magic
 14976 | Lair:5   | Reached skill level 13 in Earth Magic
 14976 | Lair:5   | Reached skill level 13 in Poison Magic
 15380 | Lair:5   | Reached XP level 15. HP: 100/107 MP: 0/0
 15380 | Lair:5   | Learned a level 6 spell: Eringya's Noxious Bog
 15533 | Lair:5   | Found a viscous altar of Jiyva.
 15591 | Lair:5   | Found a staircase to the Slime Pits.
 16820 | D:11     | Reached skill level 14 in Spellcasting
 16820 | D:11     | Reached skill level 14 in Conjurations
 16820 | D:11     | Reached skill level 14 in Hexes
 16820 | D:11     | Reached skill level 14 in Summonings
 16820 | D:11     | Reached skill level 14 in Necromancy
 16820 | D:11     | Reached skill level 14 in Translocations
 16820 | D:11     | Reached skill level 14 in Transmutations
 16820 | D:11     | Reached skill level 14 in Fire Magic
 16820 | D:11     | Reached skill level 14 in Ice Magic
 16820 | D:11     | Reached skill level 14 in Air Magic
 16820 | D:11     | Reached skill level 14 in Earth Magic
 16820 | D:11     | Reached skill level 14 in Poison Magic
 17241 | D:12     | Noticed Nessos
 17251 | D:12     | Killed Nessos
 17379 | D:12     | Noticed Jorgrun
 17399 | D:12     | Noticed Fannar
 17472 | D:12     | Killed Jorgrun
 17531 | D:12     | Reached skill level 4 in Evocations
 17553 | D:12     | Killed Fannar
 17570 | D:12     | Reached skill level 6 in Fighting
 17593 | D:12     | Noticed Rupert
 17613 | D:12     | Killed Rupert
 17691 | D:12     | Upgraded the game from 0.31-a0-142-g31f6795574 to
                  | 0.31-a0-145-g046c7d2549
 17808 | D:12     | Found a staircase to the Orcish Mines.
 18116 | D:13     | Reached skill level 5 in Evocations
 18325 | D:13     | Found a gate to the Vaults.
 18325 | D:13     | Noticed an ironbound preserver
 18352 | D:13     | Reached skill level 7 in Fighting
 18672 | D:13     | Killed an ironbound preserver
 18673 | D:13     | Reached skill level 6 in Evocations
 18926 | Orc:1    | Entered Level 1 of the Orcish Mines
 19332 | Orc:2    | Entered Level 2 of the Orcish Mines
 19407 | Orc:2    | Reached XP level 16. HP: 116/118 MP: 0/0
 19421 | Orc:2    | Reached skill level 8 in Fighting
 19432 | Orc:2    | Reached skill level 7 in Evocations
 19622 | Orc:2    | Found Acufegro's Assorted Antiques.
 19623 | Orc:2    | Found Hodi's Armour Shop.
 19722 | Orc:2    | Found Cuirudel's Antique Weapon Boutique.
 19741 | Orc:2    | Found Leethrobb's Weapon Shop.
 19756 | Orc:2    | Found a staircase to the Elven Halls.
 20135 | D:14     | Found a shadowy altar of Dithmenos.
 20197 | D:14     | Identified the +2 leather armour "Yxit" {Str+3}
 20198 | D:14     | Identified the ring "Haujaf" {Drain rF- rN++ MP+9 Dex+9}
 20231 | D:14     | Reached skill level 9 in Fighting
 20263 | D:14     | Found a runed translucent gate.
 20263 | D:14     | Found a runed translucent gate.
 20263 | D:14     | Found a runed translucent gate.
 20311 | D:14     | Reached skill level 8 in Evocations
 20356 | D:14     | Noticed Jiolyugh's ghost (journeyman GrEE)
 20616 | D:14     | Identified a scroll of acquirement
 20626 | D:14     | Noticed Kilet's ghost (adept GrEE)
 20628 | D:14     | Noticed Cicylist's ghost (journeyman FoFi)
 20629 | D:14     | Noticed Qesae's ghost (journeyman FeSu)
 20699 | D:14     | Identified a potion of experience
 20722 | D:15     | Entered Level 15 of the Dungeon
 20725 | D:15     | Found a basalt altar of Yredelemnul.
 20875 | D:15     | Found a portal to a secret trove of treasure.
 20951 | D:15     | Found Qowuar's Hallowed Reliquary.
 21154 | D:15     | Found a staircase to the Depths.
 21252 | D:15     | Reached skill level 9 in Evocations
 21261 | D:15     | Reached skill level 10 in Fighting
 21789 | Snake:1  | Entered Level 1 of the Snake Pit
 21811 | Snake:1  | Reached skill level 15 in Spellcasting
 21811 | Snake:1  | Reached skill level 15 in Conjurations
 21811 | Snake:1  | Reached skill level 15 in Hexes
 21811 | Snake:1  | Reached skill level 15 in Summonings
 21811 | Snake:1  | Reached skill level 15 in Necromancy
 21811 | Snake:1  | Reached skill level 15 in Translocations
 21811 | Snake:1  | Reached skill level 15 in Transmutations
 21811 | Snake:1  | Reached skill level 15 in Fire Magic
 21811 | Snake:1  | Reached skill level 15 in Ice Magic
 21811 | Snake:1  | Reached skill level 15 in Air Magic
 21811 | Snake:1  | Reached skill level 15 in Earth Magic
 21811 | Snake:1  | Reached skill level 15 in Poison Magic
 21852 | Snake:1  | Found Guilupp's Book Shop.
 21936 | Snake:1  | Found a frozen archway.
 21943 | Snake:1  | Reached XP level 17. HP: 131/131 MP: 0/0
 21943 | Snake:1  | Learned a level 6 spell: Conjure Ball Lightning
 21954 | IceCv    | Entered an ice cave
 22342 | IceCv    | Identified a +2 robe of resistance
 22551 | IceCv    | Noticed an Ice Fiend
 22554 | IceCv    | Killed an Ice Fiend
 22555 | IceCv    | Reached skill level 10 in Evocations
 22832 | Snake:1  | Reached skill level 11 in Fighting
 22963 | Snake:1  | Acquired the staff of death "Tamah" {rN+ Will+ Str+3}
 22965 | Snake:1  | Acquired a manual of Spellcasting
 23503 | Snake:2  | Reached ****** piety under Ashenzari
 23724 | Snake:2  | Reached skill level 11 in Evocations
 23806 | Snake:2  | Found Empolac's Distillery.
 23814 | Snake:2  | Bought a potion of might for 60 gold pieces
 23814 | Snake:2  | Bought a potion of heal wounds for 75 gold pieces
 23814 | Snake:2  | Bought a potion of brilliance for 60 gold pieces
 23814 | Snake:2  | Bought a potion of might for 60 gold pieces
 24361 | Snake:3  | Reached skill level 12 in Fighting
 24755 | Snake:3  | Reached XP level 18. HP: 145/145 MP: 0/0
 25037 | Snake:3  | Reached skill level 16 in Spellcasting
 25234 | Snake:3  | Identified Jorgrun's Precepts of the Crater
 25484 | Swamp:1  | Entered Level 1 of the Swamp
 25687 | Lair:3   | Reached skill level 12 in Evocations
 25902 | Swamp:1  | Noticed Kirke
 25912 | Swamp:1  | Killed Kirke
 26345 | Swamp:2  | Reached skill level 13 in Fighting
 26360 | Swamp:2  | Noticed Louise
 26371 | Swamp:2  | Killed Louise
 26431 | Swamp:2  | Noticed Mlioglotl
 26444 | Swamp:2  | Killed Mlioglotl
 26590 | Swamp:2  | Found a runed translucent door.
 26590 | Swamp:2  | Found a shimmering altar of Xom.
 26590 | Swamp:2  | Noticed Lance11888's ghost (adept DrAE)
 26799 | Swamp:2  | Paralysed by a fenstrider witch for 5 turns
 26920 | Swamp:2  | Reached skill level 16 in Conjurations
 26920 | Swamp:2  | Reached skill level 16 in Hexes
 26920 | Swamp:2  | Reached skill level 16 in Summonings
 26920 | Swamp:2  | Reached skill level 16 in Necromancy
 26920 | Swamp:2  | Reached skill level 16 in Translocations
 26920 | Swamp:2  | Reached skill level 16 in Transmutations
 26920 | Swamp:2  | Reached skill level 16 in Fire Magic
 26920 | Swamp:2  | Reached skill level 16 in Ice Magic
 26920 | Swamp:2  | Reached skill level 16 in Air Magic
 26920 | Swamp:2  | Reached skill level 16 in Earth Magic
 26920 | Swamp:2  | Reached skill level 16 in Poison Magic
 27376 | Swamp:3  | Reached skill level 13 in Evocations
 27899 | Swamp:4  | Entered Level 4 of the Swamp
 27919 | Swamp:4  | Noticed Mara
 27925 | Swamp:4  | Noticed Drazool's illusion
 27986 | Swamp:3  | Killed Mara
 27987 | Swamp:3  | Reached skill level 17 in Spellcasting
 27987 | Swamp:3  | Reached XP level 19. HP: 111/154 MP: 0/0
 27987 | Swamp:3  | Learned a level 7 spell: Orb of Destruction
 28096 | Swamp:4  | Reached skill level 14 in Fighting
 28446 | Swamp:4  | Noticed the 27-headed Lernaean hydra
 28450 | Swamp:4  | Killed the 27-headed Lernaean hydra
 28513 | Swamp:4  | Reached skill level 14 in Evocations
 28649 | Swamp:4  | Got a decaying rune of Zot
 29000 | Snake:4  | Entered Level 4 of the Snake Pit
 29471 | Snake:4  | Found Xucil's General Store.
 29474 | Snake:4  | Bought a scroll of blinking for 120 gold pieces
 29474 | Snake:4  | Bought a wand of light (4) for 268 gold pieces
 29474 | Snake:4  | Bought a scroll of magic mapping for 120 gold pieces
 29474 | Snake:4  | Bought a wand of mindburst (7) for 156 gold pieces
 29869 | Snake:4  | Reached skill level 15 in Fighting
 30225 | Snake:4  | Reached skill level 18 in Spellcasting
 30255 | Snake:4  | Reached XP level 20. HP: 157/164 MP: 0/0
 30475 | Snake:4  | Got a serpentine rune of Zot
 30808 | Vaults:1 | Entered Level 1 of the Vaults
 30810 | Vaults:1 | Reached skill level 15 in Evocations
 31003 | Vaults:1 | Reached skill level 17 in Conjurations
 31003 | Vaults:1 | Reached skill level 17 in Hexes
 31003 | Vaults:1 | Reached skill level 17 in Summonings
 31003 | Vaults:1 | Reached skill level 17 in Necromancy
 31003 | Vaults:1 | Reached skill level 17 in Translocations
 31003 | Vaults:1 | Reached skill level 17 in Transmutations
 31003 | Vaults:1 | Reached skill level 17 in Fire Magic
 31003 | Vaults:1 | Reached skill level 17 in Ice Magic
 31003 | Vaults:1 | Reached skill level 17 in Air Magic
 31003 | Vaults:1 | Reached skill level 17 in Earth Magic
 31003 | Vaults:1 | Reached skill level 17 in Poison Magic
 31153 | Vaults:1 | Identified the orb "Doluan" {*Rage, Str+4 Dex+5}
 31358 | Vaults:1 | Reached skill level 16 in Fighting
 32095 | Vaults:2 | Noticed Boris
 32333 | Vaults:2 | Reached skill level 19 in Spellcasting
 32550 | Vaults:2 | You are cast into the Abyss!
 32550 | Abyss:2  | Cast into level 2 of the Abyss (a wizard)
 32567 | Vaults:2 | You pass through the gate.
 32567 | Vaults:2 | Escaped the Abyss
 32613 | Vaults:2 | Reached skill level 16 in Evocations
 32643 | Vaults:2 | Reached XP level 21. HP: 170/174 MP: 0/0
 32643 | Vaults:2 | Learned a level 7 spell: Spellforged Servitor
 32866 | Vaults:2 | Found a staircase to the Crypt.
 32937 | Vaults:2 | Identified the +5 shortbow of Emmaxkug {heavy, rElec rN+
                  | Dex+3 Stlth+}
 33333 | Vaults:2 | Killed Boris
 33732 | Vaults:3 | Reached skill level 17 in Fighting
 33804 | Vaults:3 | Identified the +5 bardiche "Mefofoycs" {heavy, Str+5 Int+3}
 34584 | Vaults:3 | Reached skill level 20 in Spellcasting
 35031 | Vaults:4 | Reached skill level 17 in Evocations
 35269 | Vaults:4 | Reached skill level 18 in Conjurations
 35269 | Vaults:4 | Reached skill level 18 in Hexes
 35269 | Vaults:4 | Reached skill level 18 in Summonings
 35269 | Vaults:4 | Reached skill level 18 in Necromancy
 35269 | Vaults:4 | Reached skill level 18 in Translocations
 35269 | Vaults:4 | Reached skill level 18 in Transmutations
 35269 | Vaults:4 | Reached skill level 18 in Fire Magic
 35269 | Vaults:4 | Reached skill level 18 in Ice Magic
 35269 | Vaults:4 | Reached skill level 18 in Air Magic
 35269 | Vaults:4 | Reached skill level 18 in Earth Magic
 35269 | Vaults:4 | Reached skill level 18 in Poison Magic
 35477 | Vaults:4 | Reached XP level 22. HP: 174/184 MP: 0/0
 36346 | Vaults:4 | Reached skill level 18 in Fighting
 36426 | Vaults:4 | Noticed a dread lich
 36429 | Vaults:4 | Killed a dread lich
 36446 | Vaults:4 | Acquired 911 gold pieces
 36459 | Vaults:4 | Acquired a manual of Fighting
 36489 | Vaults:4 | Identified the +5 plate armour of Sif Muna's Esteem {rF+}
 36693 | Depths:1 | Entered Level 1 of the Depths
 36773 | Depths:1 | Found Wimod's Antique Armour Shoppe.
 36824 | Depths:1 | Reached skill level 21 in Spellcasting
 36854 | Depths:1 | Reached skill level 18 in Evocations
 36903 | Depths:1 | Found a flickering gateway to a bazaar.
 36923 | Bazaar   | Entered a bazaar
 36923 | Bazaar   | Found Qukai's General Store.
 36923 | Bazaar   | Found Zameh's Book Shoppe.
 36923 | Bazaar   | Found Jaidomm's Magic Scroll Emporium.
 36925 | Bazaar   | Found Eckav's Weapon Emporium.
 36927 | Bazaar   | Bought a wand of flame (11) for 92 gold pieces
 36927 | Bazaar   | Bought a scroll of blinking for 90 gold pieces
 36936 | Bazaar   | Bought a scroll of fog for 68 gold pieces
 36936 | Bazaar   | Bought a scroll of blinking for 127 gold pieces
 36936 | Bazaar   | Bought a scroll of teleportation for 51 gold pieces
 36936 | Bazaar   | Bought a scroll of blinking for 127 gold pieces
 36936 | Bazaar   | Bought a scroll of brand weapon for 161 gold pieces
 36936 | Bazaar   | Bought a scroll of poison for 68 gold pieces
 36936 | Bazaar   | Bought a scroll of poison for 68 gold pieces
 37034 | Depths:1 | Identified a +1 robe of resistance
 37034 | Depths:1 | Noticed Boris
 37052 | Depths:1 | Killed Boris
 37142 | Depths:1 | Found a one-way gateway to a ziggurat.
 37191 | Depths:1 | Reached skill level 19 in Fighting
 37422 | Depths:1 | Found a gateway to Hell.
 37614 | Depths:1 | Bought a glowing cloak for 300 gold pieces
 37614 | Depths:1 | Bought an embroidered robe for 148 gold pieces
 37798 | Depths:2 | Found Qofaca's Assorted Antiques.
 37802 | Depths:2 | Bought a scroll of summoning for 218 gold pieces
 37922 | Depths:2 | Reached XP level 23. HP: 180/193 MP: 0/0
 37922 | Depths:2 | Learned a level 7 spell: Monstrous Menagerie
 38082 | Depths:2 | Gained mutation: You are weak. (Str -2) [a neqoxec]
 38187 | Depths:2 | Found a one-way gate leading to the halls of Pandemonium.
 38209 | Depths:2 | Noticed Margery
 38218 | Depths:2 | Killed Margery
 38341 | Depths:2 | Found Qodueff's Tiny Tomes.
 38620 | Depths:2 | Identified the Directory of Moulding and Earth
 38853 | Depths:3 | Reached skill level 20 in Fighting
 38947 | Depths:3 | Found a magical portal.
 38953 | WizLab   | Entered Eringya's Formal Garden
 38973 | WizLab   | Reached skill level 19 in Conjurations
 38973 | WizLab   | Reached skill level 19 in Hexes
 38973 | WizLab   | Reached skill level 19 in Summonings
 38973 | WizLab   | Reached skill level 19 in Necromancy
 38973 | WizLab   | Reached skill level 19 in Translocations
 38973 | WizLab   | Reached skill level 19 in Transmutations
 38973 | WizLab   | Reached skill level 19 in Fire Magic
 38973 | WizLab   | Reached skill level 19 in Ice Magic
 38973 | WizLab   | Reached skill level 19 in Air Magic
 38973 | WizLab   | Reached skill level 19 in Earth Magic
 38973 | WizLab   | Reached skill level 19 in Poison Magic
 39068 | WizLab   | Reached skill level 12 in Shields
 39068 | WizLab   | Reached XP level 24. HP: 202/202 MP: 0/0
 39201 | WizLab   | Reached skill level 22 in Spellcasting
 39233 | WizLab   | Paralysed by a fenstrider witch for 4 turns
 39255 | WizLab   | Found a blossoming altar of Fedhas.
 39256 | WizLab   | Identified the Encyclopedia of Damage and Formation
 39261 | WizLab   | Reached skill level 19 in Evocations
 39676 | Depths:3 | Identified the +3 morningstar "Beetlebane" {antimagic,
                  | rCorr Str-5 Dex+9 Stlth+}
 39880 | Depths:3 | Found a one-way gate to the infinite horrors of the Abyss.
 39955 | Depths:3 | Found a bloodstained altar of Trog.
 40135 | Depths:3 | Reached skill level 21 in Fighting
 40302 | Depths:3 | Reached XP level 25. HP: 212/212 MP: 0/0
 40302 | Depths:3 | Learned a level 8 spell: Lehudib's Crystal Spear
 40902 | Depths:4 | Entered Level 4 of the Depths
 40902 | Depths:4 | Identified the +0 robe of Autumn {rF+ rCorr}
 40908 | Depths:3 | Reached skill level 23 in Spellcasting
 41089 | Depths:4 | Noticed Xtahua
 41095 | Depths:4 | Killed Xtahua
 41246 | Depths:4 | Found a gate to the Realm of Zot.
 41254 | Depths:4 | Reached skill level 20 in Evocations
 41341 | Depths:4 | Reached skill level 22 in Fighting
 42136 | Vaults:5 | Entered Level 5 of the Vaults
 42152 | Vaults:5 | Reached skill level 20 in Conjurations
 42152 | Vaults:5 | Reached skill level 20 in Hexes
 42152 | Vaults:5 | Reached skill level 20 in Summonings
 42152 | Vaults:5 | Reached skill level 20 in Necromancy
 42152 | Vaults:5 | Reached skill level 20 in Translocations
 42152 | Vaults:5 | Reached skill level 20 in Transmutations
 42152 | Vaults:5 | Reached skill level 20 in Fire Magic
 42152 | Vaults:5 | Reached skill level 20 in Ice Magic
 42152 | Vaults:5 | Reached skill level 20 in Air Magic
 42152 | Vaults:5 | Reached skill level 20 in Earth Magic
 42152 | Vaults:5 | Reached skill level 20 in Poison Magic
 42198 | Vaults:5 | Identified the ring "Cimoicoegu" {rPois rN+}
 42319 | Vaults:5 | Noticed an ancient lich
 42331 | Vaults:5 | Killed an ancient lich
 42332 | Vaults:5 | Reached XP level 26. HP: 180/221 MP: 0/0
 42430 | Vaults:5 | Identified the +5 flail of Noatymm {protect, *Noise Dex+6}
 42652 | Vaults:5 | Reached skill level 24 in Spellcasting
 42668 | Vaults:5 | Identified the ring of Gerauwno {rF+ Will+ Stlth+}
 42882 | Vaults:5 | Identified the +6 war axe "Fekh" {heavy, Dex+3}
 42933 | Vaults:5 | Reached skill level 21 in Evocations
 43002 | Vaults:5 | Found Qoabymil's Antique Armour Shop.
 43225 | Vaults:5 | Got a silver rune of Zot
 43340 | Vaults:5 | Reached skill level 23 in Fighting
 43824 | Crypt:1  | Entered Level 1 of the Crypt
 43842 | Crypt:1  | Noticed Jory
 43846 | Crypt:1  | Killed Jory
 44244 | Crypt:1  | Identified the staff of cold "Mulam" {rC+ Str+2 Int+6}
 44244 | Crypt:1  | Identified the ring "Yrojaxt" {Ice Dex+3}
 44244 | Crypt:1  | Noticed Josephina
 44248 | Crypt:1  | Killed Josephina
 45056 | Crypt:2  | Reached XP level 27. HP: 208/228 MP: 0/0
 45056 | Crypt:2  | Learned a level 9 spell: Fire Storm
 45251 | Crypt:2  | Reached skill level 25 in Spellcasting
 45521 | Crypt:3  | Entered Level 3 of the Crypt
 45541 | Crypt:3  | Reached skill level 21 in Conjurations
 45541 | Crypt:3  | Reached skill level 21 in Hexes
 45541 | Crypt:3  | Reached skill level 21 in Summonings
 45541 | Crypt:3  | Reached skill level 21 in Necromancy
 45541 | Crypt:3  | Reached skill level 21 in Translocations
 45541 | Crypt:3  | Reached skill level 21 in Transmutations
 45541 | Crypt:3  | Reached skill level 21 in Fire Magic
 45541 | Crypt:3  | Reached skill level 21 in Ice Magic
 45541 | Crypt:3  | Reached skill level 21 in Air Magic
 45541 | Crypt:3  | Reached skill level 21 in Earth Magic
 45541 | Crypt:3  | Reached skill level 21 in Poison Magic
 45561 | Crypt:3  | Noticed Boris
 45569 | Crypt:3  | Killed Boris
 45722 | Crypt:3  | Noticed Saint Roka
 45729 | Crypt:3  | Killed Saint Roka
 45795 | Crypt:3  | Identified the +5 chain mail of Indomitability {rF+++}
 46028 | Crypt:3  | Found the +18 Lear's hauberk
 46028 | Crypt:3  | Identified the +8 lajatang "Loagg" {freeze, *Corrode rElec
                  | Dex+5}
 46194 | Crypt:3  | Found a staircase to the Tomb.
 46264 | Crypt:3  | Reached skill level 13 in Shields
 46385 | Crypt:3  | Noticed an ancient lich
 46386 | Crypt:3  | Killed an ancient lich
 46389 | Crypt:3  | Found a basalt altar of Yredelemnul.
 46415 | Crypt:3  | Reached skill level 14 in Shields
 46622 | Crypt:3  | Identified the +1 chain mail of Broken Taboos {Will+ Regen+
                  | Int-2 Slay+4}
 46623 | Crypt:3  | Identified Sif Muna's Precepts of Composition
 46623 | Crypt:3  | Found the +3 giant club "Skullcrusher" {speed, Str+7}
 47000 | Zot:1    | Entered Level 1 of the Realm of Zot
 47000 | Zot:1    | Noticed a curse toe
 47003 | Zot:1    | Killed a curse toe
 47038 | Zot:1    | Noticed a curse toe
 47063 | Zot:1    | Killed a curse toe
 47102 | Zot:1    | Reached skill level 15 in Shields
 47261 | Zot:1    | Noticed Parghit
 47264 | Zot:1    | Noticed an electric golem
 47264 | Zot:1    | Killed Parghit
 47269 | Zot:1    | Killed an electric golem
 47934 | Zot:2    | Reached skill level 16 in Shields
 48456 | Zot:2    | Noticed an orb of fire
 48461 | Zot:2    | Killed an orb of fire
 48570 | Zot:2    | Reached skill level 17 in Shields
 48805 | Zot:2    | Noticed a curse toe
 48808 | Zot:2    | Killed a curse toe
 49250 | Zot:3    | Reached skill level 18 in Shields
 49476 | Zot:3    | Noticed a curse toe
 49478 | Zot:3    | Killed a curse toe
 50134 | Zot:3    | Reached skill level 19 in Shields
 50259 | Zot:4    | Noticed an electric golem
 50262 | Zot:4    | Killed an electric golem
 50325 | Zot:4    | Noticed a curse toe
 50329 | Zot:4    | Killed a curse toe
 50337 | Zot:4    | Noticed Grunn
 50340 | Zot:4    | Killed Grunn
 50472 | Zot:4    | Reached skill level 20 in Shields
 50837 | D:5      | Bought a scroll of blinking for 90 gold pieces
 51293 | Zot:4    | Reached skill level 15 in Dodging
 52239 | D:14     | Killed Jiolyugh's ghost
 52239 | D:14     | Killed Qesae's ghost
 52240 | D:14     | Killed Cicylist's ghost
 52241 | D:14     | Killed Kilet's ghost
 53178 | Zot:5    | Entered Level 5 of the Realm of Zot
 53263 | Zot:5    | Reached skill level 21 in Shields
 53550 | Zot:5    | Found the +4 moon troll leather armour {Spirit, Regen++
                  | MP+5}
 53738 | Depths:3 | Voluntarily entered the Abyss.
 53939 | Abyss:2  | Found a corrupted altar of Lugonu.
 53944 | Abyss:2  | Found a corrupted altar of Lugonu.
 53944 | Abyss:2  | Found a corrupted altar of Lugonu.
 53965 | Depths:3 | You pass through the gate.
 53965 | Depths:3 | Escaped the Abyss
 54139 | Zot:5    | Noticed a dread lich
 54141 | Zot:5    | Killed a dread lich
 54142 | Zot:5    | Reached skill level 16 in Dodging
 54155 | Zot:5    | Noticed an orb of fire
 54158 | Zot:5    | Gained mutation: Your body sometimes deteriorates upon
                  | taking damage. [an orb of fire]
 54160 | Zot:5    | Killed an orb of fire
 54170 | Zot:5    | Lost mutation: You are weak. (Str -2) [potion of mutation]
 54170 | Zot:5    | Lost mutation: Your body sometimes deteriorates upon taking
                  | damage. [potion of mutation]
 54170 | Zot:5    | Gained mutation: Your spells are a little easier to cast,
                  | but a little less powerful. [potion of mutation]
 54179 | Zot:5    | Noticed a Killer Klown
 54182 | Zot:5    | Noticed an electric golem
 54186 | Zot:5    | Killed an electric golem
 54192 | Zot:5    | Killed a Killer Klown
 54236 | Zot:5    | Noticed a dread lich
 54242 | Zot:5    | Killed a dread lich
 54344 | Zot:5    | Noticed an ancient lich
 54345 | Zot:5    | Killed an ancient lich
 54346 | Zot:5    | Reached skill level 17 in Dodging
 54354 | Zot:5    | Noticed an electric golem
 54360 | Zot:5    | Killed an electric golem
 54384 | Zot:5    | Got the Orb of Zot
 54491 | Zot:2    | Reached skill level 22 in Shields
 54898 | D:$      | Escaped with the Orb!

Vanquished Creatures
  2 dread liches (Zot:5)
  2 ancient liches
  Mara (Swamp:3)
  Boris (thrice) (Vaults:2 Depths:1 Crypt:3)
  Parghit (Zot:1)
  Margery (Depths:2)
  A Killer Klown (Zot:5)
  the Lernaean hydra (Swamp:4)
  Saint Roka (Crypt:3)
  5 curse toes
  A profane servitor (Depths:1)
  6 golden dragons
  2 bone dragons
  Jory (Crypt:1)
  4 doom hounds
  4 electric golems
  A Tzitzimitl (Zot:4)
  Jorgrun (D:12)
  12 tentacled monstrosities
  Rupert (D:12)
  Mlioglotl (Swamp:2)
  2 Ice Fiends
  16 Orb Guardians (Zot:5)
  Grunn (Zot:4)
  7 titans
  3 liches
  7 quicksilver dragons
  10 death cobs
  2 deep elf master archers (WizLab)
  7 ancient champions (Crypt:3)
  An acid blob (shapeshifter) (Depths:3)
  Gastronok (Lair:2)
  6 tengu reavers
  7 sphinxes
  Kirke (Swamp:1)
  9 shadow dragons
  A daeva (Abyss:2)
  2 thorn hunters
  The ghost of Kilet the Geomancer, an adept GrEE of Vehumet (D:14)
  14 storm dragons
  3 revenants
  A draconian monk (Zot:1)
  6 draconian knights
  10 nagarajas
  An azure jelly (shapeshifter) (Vaults:4)
  2 fenstrider witches
  6 fire giants
  A deep elf sorcerer (Vaults:5)
  10 frost giants
  7 draconian scorchers
  3 ghost moths
  An iron dragon (Vaults:5)
  A caustic shrike zombie (Crypt:2)
  Louise (Swamp:2)
  4 draconian shifters
  13 vault wardens
  3 ghouls
  16 ironbound preservers
  7 stone giants
  2 cacodemons
  A formless jellyfish (Vaults:1)
  The ghost of Cicylist the Cleaver, a journeyman FoFi of Okawaru (D:14)
  4 draconian stormcallers
  2 draconian annihilators
  15 very ugly things
  A caustic shrike skeleton (Crypt:2)
  10 ironbound thunderhulks
  6 war gargoyles
  11 vampire knights
  11 green draconians
  Nessos (D:12)
  5 eleionomae
  A reaper (Zot:4)
  A demonspawn black sun (D:11)
  A deep elf demonologist (Vaults:5)
  7 purple draconians
  10 black draconians
  11 red draconians
  4 bunyips
  A lorocyproca (D:11)
  7 yellow draconians
  5 white draconians
  16 dire elephants
  A minotaur (Gauntlet)
  6 spark wasps
  A spectral hellephant (Crypt:3)
  2 eidola (Crypt:3)
  3 ettins
  A blizzard demon (Zot:2)
  The ghost of Qesae the Convoker, a journeyman FeSu of Gozag (D:14)
  2 spectral elves (Crypt:3)
  A merfolk javelineer (Depths:1)
  3 deep elf death magi
  2 green deaths
  9 jiangshi
  5 great orbs of eyes
  2 deep elf high priests
  9 fire dragons
  2 fenstrider witch zombies (Crypt:2)
  An entropy weaver (Vaults:2)
  A shambling mangrove (Swamp:4)
  6 yaktaur captains
  Fannar (D:12)
  A spriggan zombie (Crypt:3)
  3 salamander tyrants
  24 vault guards
  The ghost of Jiolyugh the Geomancer, a journeyman GrEE of Qazlal (D:14)
  A rakshasa (Depths:1)
  24 hydras
  6 ice dragons
  A spriggan skeleton (Crypt:2)
  A ghost crab (Swamp:3)
  9 centaur warriors
  10 anacondas
  A juggernaut simulacrum (Depths:1)
  2 catoblepae
  2 peacekeepers
  A radroach (shapeshifter) (Vaults:5)
  12 alligators
  4 ogre magi
  A death knight (Crypt:1)
  19 two-headed ogres
  9 ironbound frosthearts
  2 deep troll shamans
  3 death yaks (Lair:5)
  A satyr (WizLab)
  3 hell hogs (D:5)
  5 tengu warriors
  4 vampire magi
  5 boulder beetles
  An Orb Guardian skeleton (Crypt:3)
  6 deep troll earth magi
  8 spriggan berserkers
  12 naga warriors
  13 naga sharpshooters
  A titan zombie (Crypt:2)
  Nergalle (Lair:2)
  5 shock serpents
  A soul eater (Crypt:3)
  3 iron trolls
  4 hell knights (Depths:2)
  23 skeletal warriors
  A sixfirhy (D:12)
  8 salamander mystics
  6 shadow wraiths
  A skyshark (Lair:2)
  6 naga ritualists
  5 flayed ghosts
  2 goliath frogs
  43 deep trolls
  2 shadow demons
  6 spriggan druids
  20 swamp dragons
  6 sea snakes (Snake:4)
  6 spriggan simulacra
  12 bog bodies
  A bunyip skeleton (Crypt:3)
  An obsidian statue (Zot:5)
  An orange crystal statue (Vaults:2)
  4 glowing orange brains
  Pikel (D:5)
  9 wizards
  A harpy (shapeshifter) (D:15)
  2 starcursed masses (Abyss:2)
  2 deep elf pyromancers
  3 orc knights
  10 phantasmal warriors
  5 harpies (Vaults:1)
  17 ironbound convokers
  18 salamanders
  7 mana vipers
  2 lindwurms
  An oklob plant (WizLab)
  24 ugly things
  4 necromancers
  An iron dragon zombie (Crypt:1)
  2 fauns (WizLab)
  A shadow dragon skeleton (Crypt:2)
  2 orc sorcerers
  A wolf spider (D:15)
  19 moths of wrath
  6 cyclopes
  3 elephants (Lair:5)
  3 will-o-the-wisps
  4 manticores
  2 stone giant zombies
  A formless jellyfish zombie (Crypt:1)
  16 naga magi
  Joseph (Lair:1)
  35 black mambas
  A frost giant skeleton (Crypt:2)
  A rust devil (Depths:2)
  2 gargoyles
  A smoke demon (Abyss:2)
  A dire elephant zombie (Crypt:2)
  A dire elephant skeleton (Crypt:2)
  16 vault sentinels
  An elephant (shapeshifter) (Vaults:5)
  9 orange demons
  4 guardian serpents
  2 kobold demonologists
  6 cane toads
  4 rime drakes
  5 unseen horrors
  14 yaktaurs
  A yaktaur (shapeshifter) (D:14)
  2 tormentors (Zot:4)
  7 freezing wraiths
  2 anaconda simulacra (IceCv)
  3 tengu conjurers
  8 ice devils (IceCv)
  A yellow draconian skeleton (Crypt:1)
  15 komodo dragons
  2 ancient zymes (Abyss:2)
  5 red devils
  A wind drake (shapeshifter) (D:14)
  A white draconian skeleton (Crypt:2)
  A merfolk (shapeshifter) (Depths:1)
  18 trolls
  3 large abominations (Abyss:2)
  3 bloated husks
  3 polar bears
  7 hornets
  6 tyrant leeches
  2 hellwings
  22 blink frogs
  6 dream sheep (Lair:5)
  A jumping spider (Vaults:2)
  26 slime creatures
  A ynoxinul (Abyss:2)
  8 spriggans
  4 vampires
  A water elemental (Depths:1)
  5 hogs (Swamp:1)
  7 wraiths
  A wind drake zombie (Crypt:2)
  4 dire elephant simulacra
  64 yaks
  5 basilisks
  2 fire elementals
  A neqoxec (Depths:2)
  4 wyverns
  6 fire bats
  Eustachio (D:6)
  A steam dragon (D:8)
  2 vampire mosquitoes (D:12)
  9 minotaur simulacra (IceCv)
  35 nagas
  2 redbacks (Vaults:2)
  A chaos spawn (Depths:2)
  4 wargs
  14 swamp worms
  3 harpy simulacra
  2 hydra simulacra (IceCv)
  4 acid dragons
  2 human zombies
  19 water moccasins
  A glowing shapeshifter skeleton (Depths:1)
  2 hell hounds
  25 orc warriors
  9 swamp drakes
  4 black bears
  2 alligator simulacra (IceCv)
  An ice beast (D:8)
  2 sky beasts (D:7)
  26 ogres
  11 centaurs
  8 wolves
  A phantom (D:7)
  7 kobold brigands
  A lemure (D:5)
  A fire crab zombie (Crypt:2)
  2 gnoll sergeants
  A cyclops zombie (Crypt:3)
  A salamander skeleton (Crypt:3)
  2 necrophages (Crypt:1)
  10 bullfrogs
  6 deep troll simulacra (IceCv)
  5 scorpions
  5 wights
  2 small abominations (Abyss:2)
  A polar bear zombie (Crypt:1)
  2 lindwurm simulacra (IceCv)
  19 killer bees
  2 electric eels
  2 lava snakes (D:12)
  5 howler monkeys
  A bullfrog zombie (Crypt:2)
  2 quasits (Abyss:2)
  10 orc priests
  6 hounds
  3 gnoll boudas
  4 jellies
  13 iguanas
  Ijyb (D:5)
  5 hell rats (Lair:4)
  A sleepcap (D:5)
  19 orc wizards
  A killer bee zombie (Crypt:2)
  An acid dragon skeleton (Crypt:3)
  9 adders
  29 gnolls
  4 shadow imps
  A white imp (D:7)
  An ufetubus (D:5)
  A worm zombie (Crypt:1)
  An iguana zombie (Crypt:1)
  3 worms
  2 dart slugs
  88 orcs
  5 bats
  8 endoplasms
  4 giant cockroaches
  5 goblins
  5 hobgoblins
  3 jackals (D:1)
  A quokka (D:3)
  9 ball pythons
  19 frilled lizards
  24 kobolds
  A quokka zombie (Crypt:2)
  6 rats
  5 fire vortices
1899 creatures vanquished.

Vanquished Creatures (collateral kills)
  A dread lich (Vaults:4)
  2 orbs of fire
  An ancient lich (Zot:5)
  Josephina (Crypt:1)
  Xtahua (Depths:4)
  2 liches
  4 tentacled monstrosities
  4 titans (Vaults:5)
  A walking divine tome (Depths:3)
  4 Orb Guardians (Zot:5)
  4 sphinxes
  4 death cobs
  2 ancient champions
  5 tengu reavers
  4 shadow dragons
  3 storm dragons
  2 fenstrider witches (WizLab)
  A revenant (Crypt:3)
  5 fire giants
  A frost giant (Depths:3)
  2 draconian scorchers (Zot:2)
  7 vault wardens
  2 ghouls (Crypt:1)
  A reaper (Crypt:2)
  2 stone giants (Vaults:5)
  A formless jellyfish (Vaults:3)
  8 very ugly things
  2 war gargoyles (Vaults:5)
  A green draconian (Zot:2)
  5 ironbound thunderhulks
  An eleionoma (WizLab)
  2 dire elephants
  2 red draconians (Depths:4)
  A spectral hellephant (Crypt:3)
  2 yellow draconians
  A deep elf annihilator (Vaults:5)
  A deep elf death mage (Vaults:2)
  2 spark wasps
  2 eidola
  2 jiangshi (Depths:2)
  5 ettins
  2 shambling mangroves (WizLab)
  2 fire dragons (Depths:3)
  A great orb of eyes (Vaults:3)
  A yaktaur captain (Vaults:4)
  2 rakshasas
  5 vault guards (Vaults:5)
  3 ice dragons
  An ironbound frostheart (Vaults:3)
  2 death knights
  5 centaur warriors
  A deep troll shaman (Depths:4)
  2 satyrs (WizLab)
  3 deep troll earth magi (Depths:3)
  2 tengu warriors (Depths:3)
  A titan zombie (Depths:1)
  3 vampire magi
  A sun demon (Depths:2)
  3 naga sharpshooters (WizLab)
  A soul eater (Depths:1)
  2 hell knights (Depths:2)
  A storm dragon skeleton (Crypt:2)
  7 skeletal warriors
  A bunyip zombie (Crypt:3)
  5 iron trolls
  17 deep trolls
  A bog body (Crypt:1)
  A flayed ghost (Depths:3)
  A harpy (shapeshifter) (Vaults:2)
  An anaconda skeleton (Crypt:2)
  An iron dragon zombie (Depths:1)
  2 phantasmal warriors
  2 ironbound convokers
  4 necromancers
  6 ugly things
  A mana viper (shapeshifter) (Vaults:5)
  A salamander (Depths:2)
  A fire giant zombie (Depths:1)
  2 vault sentinels (Vaults:4)
  A faun (WizLab)
  A molten gargoyle (Depths:2)
  8 yaktaurs
  2 freezing wraiths (Crypt:3)
  A kobold demonologist (Depths:3)
  A tormentor (Zot:4)
  3 tengu conjurers (Depths:3)
  2 hornets (WizLab)
  A stone giant simulacrum (Crypt:1)
  A centaur simulacrum (Crypt:3)
  2 spriggan skeletons
  3 slime creatures
  An ettin skeleton (Crypt:2)
  A fire bat (Depths:2)
  2 wraiths
  A tyrant leech zombie (Crypt:1)
  A warg (Crypt:3)
  3 orc warriors (Crypt:3)
  A wolf (shapeshifter) (Vaults:4)
  A blink frog skeleton (Crypt:3)
  A kobold brigand (D:10)
  A centaur skeleton (Crypt:1)
  2 orcs (Crypt:3)
  A bat skeleton (Crypt:3)
  An endoplasm (shapeshifter) (Depths:3)
  3 kobolds (D:10)
  14 foxfires
262 creatures vanquished.

Vanquished Creatures (others)
  2 satyrs (WizLab)
  A soul eater (Abyss:2)
  2 deep trolls (Vaults:4)
  A bloated husk (Swamp:1)
  A naga (Snake:4)
  A swamp worm (Swamp:2)
  10 ball lightnings
  60 fire vortices
  1713 foxfires
1791 creatures vanquished.

Grand Total: 3952 creatures vanquished

Table legend: (Time is in decaauts)
 A = Elapsed time spent in this place.
 B = Non-inter-level travel time spent in this place.
 C = Inter-level travel time spent in this place.
 D = Time resting spent in this place.
 E = Time spent auto-exploring this place.
 F = Levels seen in this place.
 G = Mean time per level.
                   A        B        C        D        E       F      G
               +--------+--------+--------+--------+--------+-----+--------+
         Total |  55066 |  48368 |   6698 |   3700 |  31330 |  55 | 1001.2 |
       Dungeon |  15586 |  12803 |   2783 |    531 |   9369 |  15 | 1039.1 |
        Temple |     45 |     45 |      0 |      0 |     21 |   1 |   45.0 |
          Lair |   6570 |   5990 |    580 |    573 |   3924 |   5 | 1314.0 |
         Swamp |   3226 |   3025 |    201 |    305 |   1856 |   4 |  806.5 |
     Snake Pit |   4582 |   4232 |    350 |     81 |   2843 |   4 | 1145.5 |
  Orcish Mines |   1126 |   1013 |    113 |      5 |    681 |   2 |  563.0 |
        Vaults |   7806 |   7071 |    735 |    514 |   4287 |   5 | 1561.2 |
         Crypt |   2913 |   2688 |    225 |    195 |   1777 |   3 |  971.0 |
        Depths |   5272 |   4301 |    971 |    265 |   2562 |   4 | 1318.0 |
           Zot |   5554 |   4819 |    735 |    735 |   3053 |   5 | 1110.8 |
         Abyss |    243 |    243 |      0 |      0 |    101 |   2 |  121.5 |
        Bazaar |     16 |     16 |      0 |      0 |     10 |   1 |   16.0 |
      Ice Cave |    794 |    794 |      0 |    246 |    242 |   1 |  794.0 |
       Volcano |    120 |    120 |      0 |     35 |     15 |   1 |  120.0 |
        Wizlab |    711 |    711 |      0 |     52 |    396 |   1 |  711.0 |
      Gauntlet |    496 |    496 |      0 |    163 |    193 |   1 |  496.0 |
               +--------+--------+--------+--------+--------+-----+--------+

Top non-repeatable levels by time:
   Zot:1: 2079 daAuts
Depths:3: 1840 daAuts
Vaults:2: 1613 daAuts
Vaults:5: 1606 daAuts
Vaults:4: 1562 daAuts
Vaults:3: 1543 daAuts
 Snake:4: 1516 daAuts
  Lair:3: 1488 daAuts
Vaults:1: 1479 daAuts
    D:10: 1468 daAuts
  Lair:2: 1340 daAuts
  Lair:1: 1340 daAuts
Depths:1: 1285 daAuts
    D:11: 1270 daAuts
 Snake:3: 1235 daAuts

Table legend:
 A = Non-vault XP
 B = Vault XP
 C = Vault XP percentage of total XP
 D = Non-vault monster count
 E = Vault monster count
 F = Vault count percentage of total count
                 A         B        C        D         E       F
            +---------+---------+-------+---------+---------+-------
      Total |  709575 |  632810 |  47.1 |    1294 |     836 |  39.2
            +---------+---------+-------+---------+---------+-------
        D:1 |      53 |       0 |   0.0 |      24 |       0 |   0.0
        D:2 |      26 |       0 |   0.0 |      13 |       0 |   0.0
        D:3 |      68 |      55 |  44.7 |      17 |      10 |  37.0
        D:4 |     348 |       0 |   0.0 |      32 |       0 |   0.0
        D:5 |     776 |     699 |  47.4 |      23 |       2 |   8.0
        D:6 |     818 |     378 |  31.6 |      25 |       7 |  21.9
        D:7 |    1586 |       0 |   0.0 |      31 |       0 |   0.0
        D:8 |    2597 |     650 |  20.0 |      26 |       8 |  23.5
        D:9 |    4008 |       0 |   0.0 |      35 |       0 |   0.0
       D:10 |    3653 |    3061 |  45.6 |      24 |       8 |  25.0
       D:11 |    2987 |       0 |   0.0 |      16 |       0 |   0.0
       D:12 |    2335 |    7026 |  75.1 |      13 |      28 |  68.3
       D:13 |    6890 |    5312 |  43.5 |      16 |       9 |  36.0
       D:14 |    4289 |    5826 |  57.6 |      10 |       8 |  44.4
       D:15 |   15847 |    2623 |  14.2 |      29 |       4 |  12.1
     Lair:1 |    3386 |    4635 |  57.8 |      14 |      18 |  56.2
     Lair:2 |    5392 |    6449 |  54.5 |      17 |      20 |  54.1
     Lair:3 |    3954 |    7539 |  65.6 |       9 |      45 |  83.3
     Lair:4 |    7668 |       0 |   0.0 |      34 |       0 |   0.0
     Lair:5 |    7446 |    9401 |  55.8 |      27 |      24 |  47.1
    Swamp:1 |    7233 |    2400 |  24.9 |      21 |       6 |  22.2
    Swamp:2 |   18760 |    5343 |  22.2 |      30 |       6 |  16.7
    Swamp:3 |   12683 |    4557 |  26.4 |      19 |       1 |   5.0
    Swamp:4 |   14675 |   18645 |  56.0 |      22 |      28 |  56.0
    Snake:1 |   20853 |     865 |   4.0 |      41 |       1 |   2.4
    Snake:2 |   10603 |       0 |   0.0 |      19 |       0 |   0.0
    Snake:3 |   13600 |    9761 |  41.8 |      24 |      15 |  38.5
    Snake:4 |   20349 |   25087 |  55.2 |      41 |      36 |  46.8
      Orc:1 |    4532 |       0 |   0.0 |      36 |       0 |   0.0
      Orc:2 |    2475 |   14805 |  85.7 |      30 |      37 |  55.2
   Vaults:1 |   11440 |   32130 |  73.7 |      13 |      45 |  77.6
   Vaults:2 |   19022 |   25292 |  57.1 |      34 |      30 |  46.9
   Vaults:3 |   24833 |   17676 |  41.6 |      31 |      23 |  42.6
   Vaults:4 |   25599 |   41825 |  62.0 |      33 |      44 |  57.1
   Vaults:5 |   20822 |  106278 |  83.6 |      28 |      92 |  76.7
    Crypt:1 |   18903 |    7554 |  28.6 |      33 |       7 |  17.5
    Crypt:2 |   35879 |       0 |   0.0 |      53 |       0 |   0.0
    Crypt:3 |   28923 |   44485 |  60.6 |      37 |      52 |  58.4
   Depths:1 |   40246 |       0 |   0.0 |      48 |       0 |   0.0
   Depths:2 |   21919 |   15138 |  40.9 |      31 |      20 |  39.2
   Depths:3 |   22487 |   76510 |  77.3 |      24 |      75 |  75.8
   Depths:4 |   28463 |    8700 |  23.4 |      31 |       7 |  18.4
      Zot:1 |   37151 |    7354 |  16.5 |      27 |       4 |  12.9
      Zot:2 |   53247 |       0 |   0.0 |      43 |       0 |   0.0
      Zot:3 |   37294 |       0 |   0.0 |      30 |       0 |   0.0
      Zot:4 |   60642 |    7927 |  11.6 |      45 |       4 |   8.2
      Zot:5 |   14597 |   63107 |  81.2 |      14 |      29 |  67.4
    Abyss:2 |    7076 |       0 |   0.0 |      17 |       0 |   0.0
      IceCv |       0 |   12484 | 100.0 |       0 |      42 | 100.0
    Volcano |       0 |    1640 | 100.0 |       0 |       4 | 100.0
     WizLab |    1142 |   25935 |  95.8 |       4 |      29 |  87.9
   Gauntlet |       0 |    3658 | 100.0 |       0 |       8 | 100.0
            +---------+---------+-------+---------+---------+-------
